 Dungeon Crawl Stone Soup version 0.30-a0-373-gd37427bb62 (webtiles) character file.

Game seed: 14421756770486339956

1299 qeuew the Shield-Bearer (level 8, -3/63 HPs)
             Began as a Formicid Fighter on Nov 24, 2022.
             Was a Priest of Makhleb.
             Slain by a troll (12 damage)
             ... on level 5 of the Dungeon.
             The game lasted 00:09:54 (4974 turns).

qeuew the Shield-Bearer (Formicid Fighter)          Turns: 4974, Time: 00:09:54

Health: -3/63      AC:  8    Str: 21    XL:     8   Next: 87%
Magic:  12/12      EV:  9    Int:  8    God:    Makhleb [***...]
Gold:   137        SH: 11    Dex: 15    Spells: 7/7 levels left

rFire   + . .      SeeInvis +    a - +1 trident
rCold   . . .      Faith    .    c - +0 buckler
rNeg    . . .      Spirit   .    b - +1 scale mail
rPois   .          Reflect  +    (helmet unavailable)
rElec   .          Harm     .    (no cloak)
rCorr   .          Rampage  .    (no gloves)
Will    .....                    (no boots)
Stlth   ..........               g - amulet of reflection
HPRegen 0.30/turn                h - ring of flight
MPRegen 0.13/turn                n - ring of protection from fire

@: flying, studying Invocations
A: permanent stasis, dig shafts and tunnels, antennae 3, four strong arms
a: Dig, Shaft Self, Renounce Religion, Minor Destruction, Lesser Servant of
Makhleb


You were on level 5 of the Dungeon.
You worshipped Makhleb.
Makhleb was most pleased with you.
You visited 1 branch of the dungeon, and saw 6 of its levels.
You also visited: Sewer.

You collected 937 gold pieces.
You spent 800 gold pieces at shops.

Inventory:

Hand Weapons
 a - a +1 trident (weapon)
Armour
 b - a +1 scale mail (worn)
 c - a +0 buckler (worn)
Jewellery
 g - an amulet of reflection (around neck)
 h - a ring of flight (left hand)
 n - a ring of protection from fire (right hand)
Wands
 j - a wand of digging (6)
Scrolls
 d - a scroll of amnesia
 f - 2 scrolls of enchant armour
 k - a scroll of enchant weapon
Potions
 i - a potion of might
 l - a potion of magic
 m - 2 potions of resistance


   Skills:
 + Level 5.6 Fighting
 + Level 4.6 Polearms
 + Level 5.6 Armour
 - Level 0.3 Dodging
 + Level 6.8 Shields
 + Level 5.9 Invocations
 + Level 3.8 Evocations


You had 7 spell levels left.
You didn't know any spells.
Your spell library was empty.

Dungeon Overview and Level Annotations

Branches:
Dungeon (6/15)             Temple (0/1) D:4           Sewer (visited)

Altars:
Makhleb
Nemelex Xobeh
Trog
Wu Jian
Xom

Shops:
D:4 :


Innate Abilities, Weirdness & Mutations

You cannot be hasted, slowed, berserked, paralysed or teleported.
You can dig through walls and to a lower floor.
You have a pair of large antennae on your head. (SInv)
Your four strong arms can wield two-handed weapons with a shield.


Message History

You block the troll's attack.
You barely miss the troll.
The troll is moderately wounded.
The troll bites you! The troll misses you.
The troll claws you but does no damage.
You puncture the troll!
The troll is severely wounded.
The troll bites you. You block the troll's attack. The troll claws you.
You barely miss the troll.
The troll is severely wounded.
You block the troll's attack. The troll claws you.
You block the troll's attack.
You completely miss the troll.
The troll is heavily wounded.
The troll bites you but does no damage. You block the troll's attack.
The troll claws you.
You hit the troll but do no damage.
The troll is heavily wounded.
You block the troll's attack. The troll claws you. The troll barely misses you.
You hit the troll but do no damage.
The troll is heavily wounded.
You block the troll's attack. The troll claws you.
* * * LOW HITPOINT WARNING * * *
You block the troll's attack.
You puncture the troll!
The troll is severely wounded.
The troll bites you but does no damage. You block the troll's attack.
The troll claws you but does no damage.
You hit the troll.
The troll is severely wounded.
The troll barely misses you. You block the troll's attack. The troll claws you.
* * * LOW HITPOINT WARNING * * *
The troll bites you.
* * * LOW HITPOINT WARNING * * *
The troll barely misses you. You block the troll's attack.
You block the troll's attack. x2; The troll barely misses you.
You fly upwards.
There is a stone staircase leading down here.
A demon appears!
You block the troll's attack. The troll claws you!
You die...

..........##########.......#
......)...# #.......#
..........###### #.......######
...............### #.............
......#######....# ##...##.....[.
.................# #...##.......
......######.....# #...##.......
......######.....####............
.......^...#....@................
.........=.#...T.4...#...........
..8........#.........#...........
#..........#........<#...........
##.###.....#.........#...........
#....+...............#...........
..8.##.....##........#...........
#...##.....##........#....#######
##.#.......###.......'...........


You could see a troll (ally target) and a friendly hellwing (summoned).

Vanquished Creatures
  A black bear (D:5)
  A sky beast (D:6)
  4 ogres
  A necrophage (D:5)
  2 scorpions
  3 jellies
  2 hounds (D:5)
  Terence (D:3)
  A hell rat (Sewer)
  4 iguanas
  4 orc wizards
  Robin (D:3)
  4 adders
  3 river rats (Sewer)
  2 ufetubi
  2 worms
  2 dart slugs
  14 orcs
  14 endoplasms
  2 giant cockroaches
  12 goblins
  10 hobgoblins
  5 quokkas
  8 ball pythons
  8 bats
  4 frilled lizards
  11 kobolds
  10 rats
136 creatures vanquished.

Vanquished Creatures (others)
  A hound (D:4)
  2 adders (D:4)
  A worm (D:4)
  A dart slug (D:4)
  An orc (D:4)
  An endoplasm (D:4)
  2 kobolds (D:4)
9 creatures vanquished.

Grand Total: 145 creatures vanquished

Notes
Turn   | Place    | Note
-------+----------+-------------------------------------------
     0 | D:1      | qeuew the Formicid Fighter began the quest for the Orb.
     0 | D:1      | Reached XP level 1. HP: 18/18 MP: 1/1
    54 | D:1      | Reached XP level 2. HP: 22/24 MP: 2/2
   229 | D:1      | Reached XP level 3. HP: 22/29 MP: 3/3
  1019 | D:2      | Found a faded altar of an unknown god.
  1025 | D:2      | Prayed at the altar of an unknown god.
  1025 | D:2      | Became a worshipper of Makhleb the Destroyer
  1025 | D:2      | Reached * piety under Makhleb
  1239 | D:2      | Reached XP level 4. HP: 37/37 MP: 4/4
  1584 | D:3      | Noticed Terence
  1732 | D:3      | Reached skill level 1 in Invocations
  1734 | D:3      | Killed Terence
  1735 | D:3      | Reached skill level 1 in Evocations
  1735 | D:3      | Reached XP level 5. HP: 20/34 MP: 5/5
  1926 | D:3      | Noticed Robin
  1947 | D:3      | Killed Robin
  1948 | D:3      | Reached skill level 5 in Shields
  1955 | D:3      | Reached ** piety under Makhleb
  2000 | D:3      | Found a glowing drain.
  2004 | Sewer    | Entered a sewer
  2092 | Sewer    | Reached XP level 6. HP: 10/43 MP: 7/7
  2641 | D:3      | Identified a scroll of acquirement
  2641 | D:3      | Acquired 789 gold pieces
  2683 | D:4      | Found Xucamu's Vocational Training.
  2718 | D:4      | Bought a manual of Invocations for 800 gold pieces
  2765 | D:4      | Found a shimmering altar of Xom.
  2853 | D:4      | Found a staircase to the Ecumenical Temple.
  2977 | D:4      | Noticed an ogre
  2988 | D:4      | Killed an ogre
  2989 | D:4      | Reached XP level 7. HP: 23/55 MP: 7/9
  3122 | D:4      | Found a bloodstained altar of Trog.
  3405 | D:5      | Entered Level 5 of the Dungeon
  3499 | D:5      | Found a sparkling altar of Nemelex Xobeh.
  3597 | D:5      | Reached *** piety under Makhleb
  3611 | D:5      | Reached skill level 6 in Shields
  3614 | D:5      | Reached skill level 5 in Armour
  3614 | D:5      | Reached XP level 8. HP: 60/61 MP: 11/11
  3627 | D:5      | Identified the +1 robe of the Tuna {+Blink rPois Int-2
                  | Slay+5}
  3704 | D:5      | Reached skill level 5 in Fighting
  3772 | D:5      | Found an ornate altar of the Wu Jian Council.
  4351 | D:5      | Reached skill level 5 in Invocations
  4745 | D:6      | Noticed a troll
  4974 | D:5      | Slain by a troll

Illustrated notes

Levels and vault maps discovered:
D:1:      dpeg_arrival_round_c, layout_loops_cross,
          minmay_misc_feat_more_columns, dk_noncrumbling_3
D:2:      layout_loops_ring, nicolae_ecumenical_lake_church
D:3:      layout_loops_cross, gup_sewer_entry_bowl, uniq_robin, uniq_terence
D:4:      layout_cave_pools, mainiacjoe_overflow_six_doors_small,
          xom_confusion_cloud, minmay_temple_entry_butterflies, minivault_27,
          nicolae_shop_vocational
D:5:      layout_basic, nicolae_wu_jian_wuxing_cycle, nemelex_dance_club_becter,
          minmay_misc_feat_four_crosses
D:6:      layout_basic, nicolae_uskayaw_murder_on_the_dancefloor, uniq_pikel

Skill      XL: |  1  2  3  4  5  6  7  8 |
---------------+-------------------------+-----
Invocations    | 1 2 4 5 |  5.9
Fighting       | 4 5 |  5.6
Armour         | 4 5 |  5.6
Evocations     | 1 2 3 |  3.8
Shields        | 5 6 |  6.8
Polearms       | 3 4 |  4.6
Dodging        | |  0.3

Action                   |  1- 3 |  4- 6 |  7- 9 || total
-------------------------+-------+-------+-------++-------
Melee: Trident           |   124 |   230 |   166 ||   520
Invok: Lesser Servant of |       |       |     3 ||     3
       Minor Destruction |       |       |     1 ||     1
 Abil: Dig               |       |       |     1 ||     1
  Use: Scroll            |     3 |     9 |     4 ||    16
       Potion            |       |     2 |       ||     2
Armor: Scale mail        |    46 |    92 |    39 ||   177
Dodge: Dodged            |    45 |    83 |    43 ||   171
Block: Buckler           |    28 |    75 |    91 ||   194

Table legend: (Time is in decaauts)
 A = Elapsed time spent in this place.
 B = Non-inter-level travel time spent in this place.
 C = Inter-level travel time spent in this place.
 D = Time resting spent in this place.
 E = Time spent auto-exploring this place.
 F = Levels seen in this place.
 G = Mean time per level.
                   A        B        C        D        E       F      G
               +--------+--------+--------+--------+--------+-----+--------+
         Total |   5064 |   4796 |    268 |     90 |   3530 |   7 |  723.4 |
       Dungeon |   4819 |   4551 |    268 |     90 |   3380 |   6 |  803.2 |
         Sewer |    244 |    244 |      0 |      0 |    150 |   1 |  244.0 |
               +--------+--------+--------+--------+--------+-----+--------+

Top non-repeatable levels by time:
     D:5: 1167 daAuts
     D:1: 956 daAuts
     D:3: 805 daAuts
     D:4: 735 daAuts
     D:2: 733 daAuts
     D:6: 420 daAuts
   Sewer: 244 daAuts
